 Dungeon Crawl Stone Soup version 0.24-a0-279-ga7546fe (webtiles) character file.

Game seed: 694700720471629500

4 suvakkihuora the Ducker (level 1, -7/9 HPs)
             Began as a Spriggan Fighter on May 1, 2019.
             Was an Initiate of Hepliaklqana.
             Mangled by a worm (12 damage)
             ... on level 2 of the Dungeon.
             The game lasted 00:00:49 (120 turns).

suvakkihuora the Ducker (Spriggan Fighter)           Turns: 120, Time: 00:00:50

Health: -7/9       AC:  2    Str: 12    XL:     1   Next: 50%
Magic:  2/2        EV: 19    Int:  9    God:    Hepliaklqana [......]
Gold:   0          SH:  6    Dex: 15    Spells: 0/0 levels left

rFire    . . .     SeeInvis +   a - +0 war axe
rCold    . . .     Gourm    .   c - +0 buckler
rNeg     . . .     Faith    .   b - +0 robe
rPois    .         Spirit   .   (helmet restricted)
rElec    .         Reflect  .   (no cloak)
rCorr    .         Harm     .   (gloves unavailable)
MR       .....                  (boots unavailable)
Stlth    +.........             (no amulet)
HPRegen  0.03/turn              (no ring)
MPRegen  0.08/turn              (no ring)

@: very quick
A: very small, unfitting armour, reduced essence, see invisible, herbivore,
speed 3, slow metabolism 2
a: Recall Ancestor, Ancestor Identity, Renounce Religion


You were on level 2 of the Dungeon.
You worshipped Hepliaklqana.
Hepliaklqana was noncommittal.
You were not hungry.

You visited 1 branch of the dungeon, and saw 2 of its levels.

Inventory:

Hand Weapons
 a - a +0 war axe (weapon)
Armour
 b - a +0 robe (worn)
 c - a +0 buckler (worn)
Scrolls
 e - a scroll of fog {unknown}
Potions
 d - a potion of might
Comestibles
 f - a ration


   Skills:
 + Level 2.5 Fighting
 * Level 1.8 Axes
 - Level 4.4 Dodging
 - Level 2.1 Shields


You couldn't memorise any spells.
You didn't know any spells.
Your spell library was empty.

Dungeon Overview and Level Annotations

Branches:
Dungeon (2/15)

Altars:
Hepliaklqana


Innate Abilities, Weirdness & Mutations

You are very small and have problems with some larger weapons.
You are too small for most types of armour.
You have supernaturally acute eyesight. (SInv)
You are a herbivore.
You cover ground extremely quickly.
You need to consume almost no food.
Your life essence is reduced to manifest your ancestor. (-10% HP)


Message History

Hepliaklqana welcomes you!
Hepliaklqana forms a fragment of your life essence into the memory of your ancestor, Amenemopet!
You can now recall your ancestor.
You can now remember your ancestor's identity.
You barely miss the worm.
Amenemopet hits the worm but does no damage.
The worm completely misses you.
Amenemopet hits the worm.
Amenemopet barely misses the worm.
You hit the worm.
The worm is moderately wounded.
Amenemopet hits the worm.
Amenemopet barely misses the worm.
You block the worm's attack.
There is a hazy altar of Hepliaklqana here.
Amenemopet hits the worm.
Amenemopet barely misses the worm.
You hit the worm but do no damage.
The worm is heavily wounded.
Amenemopet hits the worm.
The worm bites you!
Ouch! That really hurt!
You die...

#.### .. #...# #.###
#<..#r#.#..
#...#.#.#.#
#.#...#.#.#
#.#.#.###.#.## #
#..........R.# #.#.#
###.##<....#w#.....#
#.#.......@..#
#.#.#....#.###
#.#.#.#....#
#...........
###..........
##........<
#..####### ##.#


You could see the friendly Amenemopet the ancestor and a worm.

Vanquished Creatures
  A ball python (D:1)
  A goblin (D:1)
  A frilled lizard (D:1)
  A rat (D:2)
4 creatures vanquished.

Notes
Turn   | Place    | Note
-------+----------+-------------------------------------------
     0 | D:1      | suvakkihuora the Spriggan Fighter began the quest for the
                  | Orb.
     0 | D:1      | Reached XP level 1. HP: 11/11 MP: 2/2
    92 | D:2      | Found a hazy altar of Hepliaklqana.
   103 | D:2      | Became a worshipper of Hepliaklqana the Forgotten
   120 | D:2      | Mangled by a worm

Levels and vault maps discovered:
D:1:      erik_arrival_triangle_medium, layout_basic
D:2:      layout_basic, lemuel_crystal_altar, minmay_misc_feat_secret_circle

Action                   || total
-------------------------++-------
Melee: War axe           ||    17
Dodge: Dodged            ||    13
Block: Buckler           ||     8

Table legend:
 A = Non-vault XP
 B = Vault XP
 C = Vault XP percentage of total XP
 D = Non-vault monster count
 E = Vault monster count
 F = Vault count percentage of total count
                 A         B        C        D         E       F
            +---------+---------+-------+---------+---------+-------
      Total |       6 |       0 |   0.0 |       4 |       0 |   0.0
            +---------+---------+-------+---------+---------+-------
        D:1 |       5 |       0 |   0.0 |       3 |       0 |   0.0
        D:2 |       1 |       0 |   0.0 |       1 |       0 |   0.0
            +---------+---------+-------+---------+---------+-------
